 Dungeon Crawl Stone Soup version 0.29.0-7-g18a832c13a (webtiles) character file.

Game seed: 3876420868214996405

562 Sobieck the Sneak (level 7, -4/35 HPs)
             Began as a Vine Stalker Earth Elementalist on Aug 31, 2022.
             Was an Initiate of Hepliaklqana.
             Killed by divine providence
             ... invoked by an orc priest
              (12 damage)
             ... on level 4 of the Dungeon.
             The game lasted 00:10:20 (4620 turns).

Sobieck the Sneak (Vine Stalker Earth Elementalist) Turns: 4620, Time: 00:10:21

Health: -4/35      AC:  7    Str: 10    XL:     7   Next: 32%
Magic:  0/14       EV: 12    Int: 17    God:    Hepliaklqana [......]
Gold:   184        SH:  0    Dex: 15    Spells: 7/14 levels left

rFire   . . .      SeeInvis .   a - +3 rapier (freeze) {short}
rCold   . . .      Faith    .   (no shield)
rNeg    . . .      Spirit   +   f - +0 robe
rPois   +          Reflect  .   K - +2 hat
rElec   .          Harm     .   (no cloak)
rCorr   .          Rampage  .   u - +1 pair of gloves
Will    .....                   m - +0 pair of boots
Stlth   +++.......              (no amulet)
HPRegen 0.91/turn               p - ring of poison resistance
MPRegen 0.14/turn               (no ring)

@: no status effects
A: fangs 2, regeneration 1, magic shield, antimagic bite, no potion heal 2
a: Renounce Religion


You were on level 4 of the Dungeon.
You worshipped Hepliaklqana.
Hepliaklqana was noncommittal.
You visited 1 branch of the dungeon, and saw 4 of its levels.

You collected 184 gold pieces.


Innate Abilities, Weirdness & Mutations

You have extremely sharp teeth.
Your natural rate of healing is unusually fast.
When hurt, damage is shared between your health and your magic reserves.
Your bite disrupts and absorbs the magic of your enemies.
Potions cannot restore your health.


   Skills:
 + Level 2.0 Fighting
 + Level 2.4 Short Blades
 - Level 1.5 Dodging
 + Level 5.2 Stealth
 + Level 4.0 Spellcasting
 - Level 2.0 Transmutations
 + Level 4.7 Earth Magic


You had 7 spell levels left.
You knew the following spells:

 Your Spells              Type           Power      Damage    Failure   Level
a - Sandblast             Erth           38%        2d10      2%          1
b - Passwall              Tmut/Erth      11%        N/A       6%          2
c - Petrify               Tmut/Erth      14%        N/A       36%         4

Your spell library contained the following spells:

 Spells                   Type           Power      Damage    Failure   Level
 Beastly Appendage        Tmut           20%        N/A       7%          1
 Wereblood                Tmut           10%        N/A       11%         2
 Foxfire                  Conj/Fire      12%        2x1d4     16%         1
 Freeze                   Ice            12%        1d4       16%         1
 Magic Dart               Conj           12%        1d3       16%         1
 Stone Arrow              Conj/Erth      22%        3d8       19%         3
 Searing Ray              Conj           6%         2d4       24%         2
 Spider Form              Tmut/Pois      6%         N/A       30%         3
 Conjure Flame            Conj/Fire      3%         6-21      43%         3
 Frozen Ramparts          Ice            6%         1d1       43%         3
 Inner Flame              Hex/Fire       3%         N/A       43%         3
 Flame Wave               Conj/Fire      3%         2d5       83%         4
 Fulminant Prism          Conj/Hex       1%         3d6       83%         4
 Hailstorm                Conj/Ice       3%         3d3       83%         4

Inventory:

Hand Weapons
 a - a +3 rapier of freezing (weapon) {short}
   (You took it off Eustachio on level 4 of the Dungeon)
 b - a +2 dagger of venom {short}
   (You took it off an orc wizard on level 4 of the Dungeon)
 i - a +0 short sword {short}
   (You took it off a kobold on level 1 of the Dungeon)
 z - a +0 rapier {short}
   (You found it on level 2 of the Dungeon)
 B - a +0 dagger {short}
   (You took it off a goblin on level 1 of the Dungeon)
Missiles
 g - 72 stones {throwing}
 J - 6 poisoned darts {throwing}
Armour
 f - a +0 robe (worn)
 k - a +0 leather armour
   (You took it off an orc on level 4 of the Dungeon)
 m - a +0 pair of boots (worn)
   (You found it on level 1 of the Dungeon)
 o - a +0 chain mail
   (You found it on level 1 of the Dungeon)
 r - a +0 helmet
   (You found it on level 1 of the Dungeon)
 u - a +1 pair of gloves (worn)
   (You found it on level 2 of the Dungeon)
 v - a +0 ring mail
   (You found it on level 2 of the Dungeon)
 y - a +0 robe
   (You took it off an orc wizard on level 4 of the Dungeon)
 A - a +0 leather armour
   (You took it off an orc on level 3 of the Dungeon)
 C - a +0 leather armour
   (You took it off Eustachio on level 4 of the Dungeon)
 E - a +0 robe
   (You found it on level 4 of the Dungeon)
 G - a +0 ring mail
   (You found it on level 3 of the Dungeon)
 I - a +0 chain mail
   (You took it off Ijyb on level 3 of the Dungeon)
 K - a +2 hat (worn)
   (You found it on level 4 of the Dungeon)
 L - a +0 plate armour
   (You found it on level 3 of the Dungeon)
 M - a +0 ring mail
   (You found it on level 3 of the Dungeon)
 O - a +0 leather armour
   (You took it off an orc on level 4 of the Dungeon)
 Q - a +0 leather armour
   (You found it on level 4 of the Dungeon)
Magical Staves
 e - a staff of cold {!astaff}
   (You found it on level 1 of the Dungeon)
Jewellery
 p - a ring of poison resistance (left hand)
   (You found it on level 1 of the Dungeon)
Wands
 d - a wand of roots (4)
   (You found it on level 3 of the Dungeon)
Scrolls
 n - a scroll of vulnerability {!r!r}
 q - 3 scrolls of teleportation {@r4}
 t - a scroll of amnesia
 P - a scroll of noise {unknown}
 R - a scroll of butterflies
Potions
 c - a potion of degeneration {unknown}
 h - 4 potions of heal wounds {@q2}
 j - 2 potions of flight
 l - a potion of brilliance {unknown}
 s - 3 potions of cancellation
 w - a potion of magic
 x - 2 potions of resistance
 D - a potion of lignification {unknown}
 F - a potion of ambrosia {unknown}
 H - a potion of might {unknown}
 N - a potion of attraction {unknown}

Dungeon Overview and Level Annotations

Branches:
Dungeon (4/15) Zot: 19328  Temple (0/1) D:4

Altars:
Hepliaklqana
Qazlal
Sif Muna

Annotations:
D:4 exclusion: orc priest

.##.....##..........#
.###.......#.########
.# ###..####># .#
#.......#
.#####..######
........#########
######.#........#
.....#.#.######.####
######
.###.#.#.###....@o.#
#.....
.............##.##.#
#.####
####........)...##.#
#.# #
#.....#########.# #.#
# ####....## #o# #.#
# .....#.## #.# #.#
.###.#.# ##.##
###.#### .# #.#.#
#...# #....... .#
#)#'## #.#.# #.#.#...


You could see an orc priest.


Message History

Unknown command.
You miscast Sandblast.
You are very lightly contaminated with residual magic.
Nothing appears to happen.
The orc wizard misses you.
Unknown command.
Casting: Sandblast (safe; 2% risk of failure)
Confirm with . or Enter, or press ? or * to list all spells.
Okay, then.
Unknown command.
You hit the orc wizard. You freeze the orc wizard.
You bite the orc wizard, but do no damage.
The orc wizard closely misses you.
You hit the orc wizard. You freeze the orc wizard.
The orc wizard mumbles some strange words.
The orc wizard flickers and vanishes!
Deactivating autopickup; reactivate with Ctrl-A.
You puncture something! You freeze something.
Reactivating autopickup.
You feel a bit more experienced.
Your Fighting skill increases to level 2!
Unknown command.
You barely miss the orc wizard. You bite the orc wizard.
The orc wizard's magic leaks into the air.
You drain its magic.
You feel invigorated. The orc wizard barely misses you.
You barely miss the orc wizard.
The orc priest calls down the wrath of Beogh upon you.
Beogh smites you!
The orc wizard hits you but does no damage.
You barely miss the orc wizard.
You bite the orc wizard, but do no damage.
The orc wizard hits you but does no damage.
Your magical contamination has completely faded away.
Unknown command.
You hit the orc wizard. You freeze the orc wizard.
The orc wizard hits you with a +0 dagger.
You closely miss the orc wizard. The orc wizard closely misses you.
You hit the orc wizard but do no damage.
The orc priest calls upon Beogh to heal the orc wizard.
The orc wizard is healed somewhat.
The orc wizard hits you with a +0 dagger.
Unknown command.
You hit the orc wizard but do no damage.
You bite the orc wizard.
The orc wizard's magic leaks into the air.
You drain its magic.
You feel invigorated. The orc wizard completely misses you.
The orc wizard hits you but does no damage.
You hit the orc wizard. You freeze the orc wizard.
The orc priest calls down the wrath of Beogh upon you.
Beogh smites you! The orc wizard barely misses you.
You closely miss the orc wizard.
The orc wizard hits you but does no damage.
You barely miss the orc wizard.
The orc priest looks encouraged for a moment.
The orc wizard hits you but does no damage.
You hit the orc wizard. You freeze the orc wizard.
You kill the orc wizard!
The orc priest invokes the aid of Beogh against you.
Beogh smites you!
* * * LOW HITPOINT WARNING * * *
Your Spellcasting skill increases to level 4!
You puncture the orc! You freeze the orc.
You kill the orc!
Unknown command.
You barely miss the orc priest. Your bite misses the orc priest.
The orc priest hits you but does no damage.
You barely miss the orc priest.
The orc priest hits you but does no damage.
You closely miss the orc priest.
The orc priest hits you with a +0 hand axe.
* * * LOW HITPOINT WARNING * * *
Unknown command.
Casting: Sandblast (safe; 2% risk of failure)
Confirm with . or Enter, or press ? or * to list all spells.
Aiming: Sandblast (safe; 2% risk of failure)
Press: ? - help, Shift-Dir - straight line, f - orc priest
Aim: an orc priest, wielding a +0 hand axe (82% to hit)
The blast of sand hits the orc priest!
The orc priest hits you but does no damage.
The orc priest hits you with a +0 hand axe.
* * * LOW HITPOINT WARNING * * *
Casting: Sandblast (safe; 2% risk of failure)
Confirm with . or Enter, or press ? or * to list all spells.
Aiming: Sandblast (safe; 2% risk of failure)
Press: ? - help, Shift-Dir - straight line, f/p - orc priest
Aim: an orc priest, wielding a +0 hand axe (severely wounded, 82% to hit)
The blast of sand misses the orc priest.
The orc priest calls down the wrath of Beogh upon you.
Pain shoots through your body!
* * * LOW HITPOINT WARNING * * *
Casting: Sandblast (safe; 2% risk of failure)
Confirm with . or Enter, or press ? or * to list all spells.
Aiming: Sandblast (safe; 2% risk of failure)
Press: ? - help, Shift-Dir - straight line, f/p - orc priest
Aim: an orc priest, wielding a +0 hand axe (severely wounded, 82% to hit)
The blast of sand hits the orc priest.
The orc priest hits you but does no damage.
The orc priest mumbles some strange prayers to Beogh against you.
Beogh smites you!
You die...

Skill      XL: |  1  2  3  4  5  6  7 |
---------------+----------------------+-----
Stealth        | 3 4 5 |  5.2
Short Blades   | 1 2 |  2.4
Spellcasting   | 3 4 |  4.0
Earth Magic    | 4 |  4.7
Fighting       | 1 2 |  2.0
Transmutations | 2 |  2.0
Dodging        | |  1.5

Action                   |  1- 3 |  4- 6 |  7- 9 || total
-------------------------+-------+-------+-------++-------
Melee: Short sword       |     2 |       |       ||     2
       Bite              |     1 |    15 |     4 ||    20
       Dagger            |    12 |     8 |       ||    20
       Rapier            |       |    47 |    22 ||    69
 Cast: Sandblast         |    40 |    52 |     5 ||    97
       Passwall          |     7 |     5 |       ||    12
  Use: Scroll            |       |     9 |       ||     9
       Potion            |       |     1 |       ||     1
 Stab: Sleeping          |     8 |    11 |       ||    19
       Distracted        |       |     1 |       ||     1
Armor: Robe              |     1 |    28 |    10 ||    39
Dodge: Dodged            |     5 |    30 |    10 ||    45

Levels and vault maps discovered:
D:1:      kb_arrival_jail, layout_loops_ring
D:2:      layout_basic, minmay_fractal_squares_5
D:3:      layout_basic, gammafunk_temple_overflow_forgotten,
          minmay_crystal_water, uniq_ijyb
D:4:      black_bear_nest_1, layout_loops_corners, minmay_temple_entry_slanted,
          uniq_eustachio

Notes
Turn   | Place    | Note
-------+----------+-------------------------------------------
     0 | D:1      | Sobieck the Vine Stalker Earth Elementalist began the quest
                  | for the Orb.
     0 | D:1      | Reached XP level 1. HP: 9/9 MP: 4/4
     2 | D:1      | Noticed a naga
     2 | D:1      | Noticed a meteoran
     4 | D:1      | Noticed a tengu
     4 | D:1      | Noticed an octopode
     8 | D:1      | Noticed a vine stalker
     8 | D:1      | Noticed a demigod
    10 | D:1      | Noticed a merfolk
    10 | D:1      | Noticed a formicid
    13 | D:1      | Noticed a vampire
    13 | D:1      | Noticed a demonspawn
    15 | D:1      | Noticed a minotaur
    15 | D:1      | Noticed a ghoul
    17 | D:1      | Noticed a human
    19 | D:1      | Noticed a palentonga
    21 | D:1      | Noticed a gargoyle
    21 | D:1      | Noticed a spriggan
    23 | D:1      | Noticed a felid
    23 | D:1      | Noticed an elf
    25 | D:1      | Noticed a troll
    27 | D:1      | Noticed a draconian
    27 | D:1      | Noticed a formicid
    29 | D:1      | Noticed a gargoyle
    29 | D:1      | Noticed an elf
   313 | D:1      | Reached XP level 2. HP: 13/13 MP: 4/6
   399 | D:1      | Learned a level 2 spell: Passwall
   616 | D:1      | You pick up a book of Frost and begin reading...
   616 | D:1      | You add the spells Freeze, Frozen Ramparts and Hailstorm to
                  | your library.
   728 | D:1      | Reached skill level 3 in Stealth
   811 | D:1      | Reached XP level 3. HP: 16/16 MP: 5/7
  1154 | D:2      | Reached skill level 1 in Short Blades
  1218 | D:2      | You pick up a book of Changes and begin reading...
  1218 | D:2      | You add the spells Beastly Appendage, Wereblood and Spider
                  | Form to your library.
  1456 | D:2      | You pick up a book of Conjurations {@e2} and begin
                  | reading...
  1456 | D:2      | You add the spells Magic Dart, Searing Ray and Fulminant
                  | Prism to your library.
  1782 | D:2      | Gained mutation: Your natural rate of healing is unusually
                  | fast. [Vine Stalker growth]
  1782 | D:2      | Reached XP level 4. HP: 21/21 MP: 6/9
  1791 | D:2      | Learned a level 4 spell: Petrify
  2028 | D:3      | Reached skill level 3 in Spellcasting
  2278 | D:3      | You fall into a shaft and drop 1 floor!
  2319 | D:4      | Noticed Eustachio
  2335 | D:4      | HP: 4/21 [Eustachio/+3 rapier of freezing (4)]
  2336 | D:4      | Killed Eustachio
  2337 | D:4      | Reached skill level 4 in Stealth
  2337 | D:4      | Reached skill level 4 in Earth Magic
  2337 | D:4      | Reached skill level 1 in Fighting
  2337 | D:4      | Reached XP level 5. HP: 5/25 MP: 1/11
  2480 | D:4      | Reached XP level 6. HP: 30/30 MP: 8/12
  2728 | D:3      | Found a stormy altar of Qazlal.
  2728 | D:3      | Found a shimmering blue altar of Sif Muna.
  2728 | D:3      | Found a hazy altar of Hepliaklqana.
  2760 | D:3      | Became a worshipper of Hepliaklqana the Forgotten
  2934 | D:3      | You pick up a book of Flames and begin reading...
  2934 | D:3      | You add the spells Foxfire, Conjure Flame, Inner Flame and
                  | Flame Wave to your library.
  3070 | D:3      | Noticed Ijyb
  3092 | D:3      | Killed Ijyb
  3749 | D:4      | Reached skill level 2 in Transmutations
  3761 | D:4      | You pick up a book of Frost and begin reading...
  3812 | D:4      | Reached skill level 2 in Short Blades
  3815 | D:4      | Found a staircase to the Ecumenical Temple.
  4317 | D:4      | Noticed a black bear
  4326 | D:4      | Killed a black bear
  4327 | D:4      | Reached skill level 5 in Stealth
  4327 | D:4      | Reached XP level 7. HP: 26/34 MP: 4/13
  4603 | D:4      | Reached skill level 2 in Fighting
  4614 | D:4      | Reached skill level 4 in Spellcasting
  4619 | D:4      | HP: 6/35 [orc priest/nerve-wracking pain (10)]
  4620 | D:4      | Killed from afar by an orc priest

Vanquished Creatures
  Eustachio (D:4)
  A black bear (D:4)
  A bullfrog (D:4)
  Ijyb (D:3)
  An iguana (D:4)
  3 orc wizards (D:4)
  5 adders
  16 orcs
  8 ball pythons
  3 bats
  14 endoplasms
  6 giant cockroaches
  10 goblins
  3 hobgoblins
  7 kobolds
  7 quokkas
  5 frilled lizards
  5 rats
97 creatures vanquished.

Table legend:
 A = Non-vault XP
 B = Vault XP
 C = Vault XP percentage of total XP
 D = Non-vault monster count
 E = Vault monster count
 F = Vault count percentage of total count
                 A         B        C        D         E       F
            +---------+---------+-------+---------+---------+-------
      Total |     453 |     351 |  43.7 |      89 |       8 |   8.2
            +---------+---------+-------+---------+---------+-------
        D:1 |      43 |       0 |   0.0 |      25 |       0 |   0.0
        D:2 |      46 |       9 |  16.4 |      12 |       5 |  29.4
        D:3 |      67 |      36 |  35.0 |      27 |       1 |   3.6
        D:4 |     297 |     306 |  50.7 |      25 |       2 |   7.4
            +---------+---------+-------+---------+---------+-------

Illustrated notes

Table legend:
 A = Kills in this place as a percentage of kills in entire the game.
 B = Kills by you in this place as a percentage of kills by you in the entire game.
 C = Kills by friends in this place as a percentage of kills by friends in the entire game.
 D = Other kills in this place as a percentage of other kills in the entire game.
 E = Experience gained in this place as a percentage of experience gained in the entire game.
 F = Experience gained in this place divided by the number of levels of this place that you have seen.
                   A       B       C       D       E      F
               +-------+-------+-------+-------+-------+----------------------
         Total | 100.0 | 100.0 |   N/A |   N/A | 100.0 | 201.0
       Dungeon | 100.0 | 100.0 |   N/A |   N/A | 100.0 | 201.0
               +-------+-------+-------+-------+-------+----------------------

Table legend: (Time is in decaauts)
 A = Elapsed time spent in this place.
 B = Non-inter-level travel time spent in this place.
 C = Inter-level travel time spent in this place.
 D = Time resting spent in this place.
 E = Time spent auto-exploring this place.
 F = Levels seen in this place.
 G = Mean time per level.
                   A        B        C        D        E       F      G
               +--------+--------+--------+--------+--------+-----+--------+
         Total |   4669 |   4620 |     49 |    224 |   3620 |   4 | 1167.2 |
       Dungeon |   4669 |   4620 |     49 |    224 |   3620 |   4 | 1167.2 |
               +--------+--------+--------+--------+--------+-----+--------+

Top non-repeatable levels by time:
     D:3: 1366 daAuts
     D:4: 1295 daAuts
     D:1: 1064 daAuts
     D:2: 943 daAuts
